 Dungeon Crawl Stone Soup version 0.25-a0-1056-g2efb326896 (webtiles) character file.

Game seed: 15448964756185158637, levelgen mode: deterministic

4669 Flugslaktarn the Cleaver (level 10, -21/92 HPs)
             Began as a Deep Dwarf Fighter on May 13, 2020.
             Was a Priest of Makhleb.
             Demolished by an orc warrior
             ... wielding a +0 battleaxe
              (26 damage)
             ... on level 9 of the Dungeon.
             The game lasted 00:03:09 (4805 turns).

Flugslaktarn the Cleaver (Deep Dwarf Fighter)       Turns: 4805, Time: 00:03:10

Health: -21/92     AC:  2    Str: 20    XL:     10   Next: 20%
Magic:  8/8        EV:  5    Int:  9    God:    Makhleb [***...]
Gold:   319        SH: 11    Dex: 15    Spells: 9/9 levels left

rFire    . . .     SeeInvis .   a - +1 war axe
rCold    . . .     Gourm    .   c - +0 kite shield
rNeg     . . .     Faith    .   g - +1 plate armour
rPois    .         Spirit   .   (no helmet)
rElec    .         Reflect  .   (no cloak)
rCorr    .         Harm     .   (no gloves)
MR       +....                  (no boots)
Stlth    ..........             (no amulet)
HPRegen  0.00/turn              (no ring)
MPRegen  0.11/turn              (no ring)

@: corroded, non-regenerating
A: damage resistance, heal wounds, sense surroundings 2, no regeneration
a: Heal Wounds, Minor Destruction, Lesser Servant of Makhleb, Renounce Religion


You were on level 9 of the Dungeon.
You worshipped Makhleb.
Makhleb was most pleased with you.
You were not hungry.

You visited 2 branches of the dungeon, and saw 10 of its levels.

You collected 319 gold pieces.

Inventory:

Hand Weapons
 a - a +1 war axe (weapon)
Missiles
 j - a throwing net (quivered)
Armour
 b - a +0 scale mail
 c - a +0 kite shield (worn)
 g - a +1 plate armour (worn)
   (You found it on level 5 of the Dungeon)
Jewellery
 f - an uncursed amulet of magic regeneration {unknown}
   (You found it on level 4 of the Dungeon)
 i - an uncursed ring of magical power {unknown}
   (You found it on level 3 of the Dungeon)
Wands
 k - a wand of clouds (5)
   (You found it on level 5 of the Dungeon)
 w - a wand of paralysis (13)
   (You found it on level 9 of the Dungeon)
Scrolls
 l - a scroll of torment {unknown}
 m - a scroll of brand weapon {unknown}
 p - a scroll of immolation {unknown}
 r - a scroll of identify
 s - a scroll of enchant weapon
 t - 2 scrolls of teleportation
 v - a scroll of random uselessness {unknown}
 x - 3 scrolls of remove curse
 y - a scroll of vulnerability {unknown}
Potions
 d - a potion of might
 h - a potion of haste
 n - 2 potions of brilliance
 q - a potion of cancellation
 u - a potion of curing {unknown}
Comestibles
 e - 15 rations
 o - 10 chunks of flesh


   Skills:
 + Level 6.4 Fighting
 * Level 10.1 Axes
 + Level 7.8 Armour
 + Level 7.6 Shields
 + Level 6.2 Invocations


You had 9 spell levels left.
You didn't know any spells.
Your spell library was empty.

Dungeon Overview and Level Annotations

Branches:
Dungeon (9/15)             Temple (1/1) D:6
   Lair: D:8-11         Orc: D:9-12

Altars:
Ashenzari
Cheibriados
Dithmenos
Fedhas
Gozag
Kikubaaqudgha
Makhleb
Nemelex Xobeh
Okawaru
Qazlal
Ru
Sif Muna
Trog
Uskayaw
Vehumet
Wu Jian
Xom
Yredelemnul
Zin
The Shining One

Shops:
D:5 :

Annotations:
D:8 1 transporter


Innate Abilities, Weirdness & Mutations

You are resistant to damage.
You can heal yourself by infusing magical energy.
You passively map the area around you.
You do not regenerate.


Message History

The orc warrior is severely wounded.
You slash the two-headed ogre! You hit the jelly. The acid corrodes you!
Your hands burn!
You block the jelly's attack.
The orc warrior hits you with a +0 battleaxe.
You block the two-headed ogre's attack.
The two-headed ogre hits you with a +0 giant club.
You barely miss the orc warrior.
The orc warrior is severely wounded.
You slash the two-headed ogre! You hit the jelly. The acid corrodes you!
Your hands burn!
The jelly barely misses you. You block the orc warrior's attack.
You barely miss the two-headed ogre.
The two-headed ogre is severely wounded.
You hit the orc warrior but do no damage.
You hit the jelly. The acid corrodes you!
Your hands burn!
The two-headed ogre hits you with a +0 dire flail!!
* * * LOW HITPOINT WARNING * * *
You block the two-headed ogre's attack. You block the jelly's attack.
The orc warrior hits you with a +0 battleaxe!!
You die...

.
#....###..#####.#......
*
.###...>...............#
*
...#........#####.....##
* ##...#####..# ##...##
#....## ##.## #...# , ,
......## #..# #...## ,
.......## ##.## ##††..#
* , .##.##..##
#..###J..### *
#.####..###..oo@O)## , ,
* , ##.# ##......###)##
, ** , * #.## ##.####.#
#... ** , , ..### #.##
#.# #..... ,, , ,
....###.# #.# ##....# ,,
, ,* .#......# #.#
*##...#* ,, ####....##
#.# #... , ####.....##
#.#* * +##* * * ,
.#........###<# , * ,


You could see a two-headed ogre, 2 orc warriors and a jelly.

Vanquished Creatures
  6 yaks (D:9)
  An ice beast (D:5)
  2 orc warriors
  2 sky beasts
  A black bear (D:9)
  2 necrophages
  6 ogres
  4 centaurs
  A phantom (D:8)
  A big kobold (D:8)
  4 bullfrogs
  9 killer bees
  A scorpion (D:5)
  5 wights (D:7)
  2 howler monkeys (D:7)
  4 crimson imps
  2 bullfrog zombies
  2 centaur skeletons
  2 hounds
  6 orc priests
  3 orc wizards
  2 bullfrog skeletons
  3 iguanas
  4 worker ants
  A hound zombie (D:7)
  3 hound skeletons
  A mummy (D:7)
  2 worker ant zombies
  A howler monkey zombie (D:7)
  7 gnolls
  8 adders
  2 shadow imps
  An ooze (D:7)
  A dart slug (D:2)
  27 orcs
  2 bats
  2 giant cockroaches
  4 goblins
  9 jackals
  2 quokkas
  3 frilled lizards
  6 kobolds (D:8)
  A leopard gecko skeleton (D:5)
  3 rats
161 creatures vanquished.

Notes
Turn   | Place    | Note
-------+----------+-------------------------------------------
     0 | D:1      | Flugslaktarn the Deep Dwarf Fighter began the quest for the
                  | Orb.
     0 | D:1      | Reached XP level 1. HP: 20/20 MP: 1/1
    36 | D:2      | Reached XP level 2. HP: 25/27 MP: 2/2
   249 | D:3      | Reached skill level 3 in Axes
   252 | D:3      | Reached XP level 3. HP: 25/33 MP: 3/3
   383 | D:4      | Found a shimmering altar of Xom.
   437 | D:4      | Reached XP level 4. HP: 40/42 MP: 4/4
   680 | D:4      | Found a shattered altar of Ashenzari.
   777 | D:4      | Reached skill level 4 in Axes
   777 | D:4      | Reached XP level 5. HP: 40/49 MP: 5/5
  1190 | D:5      | Entered Level 5 of the Dungeon
  1225 | D:5      | Noticed a centaur
  1239 | D:5      | Killed a centaur
  1281 | D:5      | Found a sacrificial altar of Ru.
  1295 | D:5      | Reached XP level 6. HP: 50/56 MP: 5/5
  1297 | D:5      | Found an iron altar of Okawaru.
  1299 | D:5      | Found an iron altar of Okawaru.
  1299 | D:5      | Found Deapp's Book Shoppe.
  1499 | D:5      | Reached skill level 5 in Axes
  1718 | D:5      | Noticed an ice beast
  1733 | D:5      | Killed an ice beast
  1733 | D:5      | Reached skill level 5 in Armour
  1733 | D:5      | Reached skill level 5 in Shields
  1733 | D:5      | Reached XP level 7. HP: 41/64 MP: 6/6
  1753 | D:5      | Found a radiant altar of Vehumet.
  1972 | D:6      | Reached skill level 6 in Axes
  2000 | D:6      | Found a staircase to the Ecumenical Temple.
  2032 | Temple   | Entered the Ecumenical Temple
  2258 | Temple   | Became a worshipper of Makhleb the Destroyer
  2354 | D:6      | Reached skill level 1 in Invocations
  2354 | D:6      | Reached XP level 8. HP: 29/73 MP: 6/6
  2588 | D:6      | Found a bloodstained altar of Trog.
  2607 | D:6      | Reached skill level 7 in Axes
  2695 | D:6      | Reached skill level 5 in Fighting
  2784 | D:7      | Found a stormy altar of Qazlal.
  2859 | D:7      | Found a burning altar of Makhleb.
  2937 | D:7      | Reached * piety under Makhleb
  2960 | D:7      | Reached skill level 8 in Axes
  3024 | D:7      | Gained mutation: You passively map the area around you.
                  | [Deep Dwarf growth]
  3024 | D:7      | Reached XP level 9. HP: 64/81 MP: 7/7
  3382 | D:7      | Reached ** piety under Makhleb
  3726 | D:7      | Found a sparkling altar of Nemelex Xobeh.
  3726 | D:7      | Found an opulent altar of Gozag.
  3731 | D:7      | Reached skill level 9 in Axes
  4213 | D:8      | Found a transporter.
  4252 | D:8      | Reached skill level 5 in Invocations
  4266 | D:8      | Found a snail-covered altar of Cheibriados.
  4266 | D:8      | Found a hide-covered altar of Uskayaw.
  4590 | D:9      | Reached XP level 10. HP: 40/91 MP: 8/8
  4695 | D:9      | Found a shadowy altar of Dithmenos.
  4780 | D:9      | Reached skill level 10 in Axes
  4791 | D:9      | Noticed a two-headed ogre
  4793 | D:9      | Reached *** piety under Makhleb
  4805 | D:9      | Demolished by an orc warrior

Illustrated notes

Levels and vault maps discovered:
D:1:      minmay_arrival_wavy_path, layout_basic
D:2:      layout_rooms, elyvilon_altar_4, kennysheep_generic_room_8
D:3:      layout_basic, lemuel_doored_altar, first_ration
D:4:      layout_layer_cave, ashenzari_altar_1, tgw_xom
D:5:      layout_loops_cross, lemuel_crystal_altar, overflow_temple_1_default,
          basic_altar, serial_shops, shop, hangedman_ru_absence
D:6:      layout_gridville, lemuel_crystal_altar, minmay_temple_entry_junction,
          kennysheep_doodads
D:7:      layout_loops_ring, grunt_temple_overflow_opulence,
          lemuel_crystal_altar, serial_undead, serial_undead_e, serial_undead_a,
          serial_undead_a, serial_undead_d, serial_undead_d, grunt_ogre_cave,
          minivault_10, minivault_24, david_defended_altar_elf
D:8:      gammafunk_jiyva_shrine, layout_loops_ring, grunt_temple_overflow_open
D:9:      layout_layer_cave, david_orc_1_choice, basic_altar,
          small_statue_intersection, okawaru_ov_weapons_minmay
Temple:   minmay_temple_curvy_loop

Skill      XL: |  1  2  3  4  5  6  7  8  9 10 |
---------------+-------------------------------+-----
Axes           | 3 4 5 6 8 9 10 | 10.1
Fighting       | 3 4 5 6 |  6.4
Armour         | 4 5 6 7 |  7.8
Shields        | 4 5 6 7 |  7.6
Invocations    | 1 3 5 6 |  6.2

Action                   |  1- 3 |  4- 6 |  7- 9 | 10-12 || total
-------------------------+-------+-------+-------+-------++-------
Melee: War axe           |    80 |   150 |   425 |    43 ||   698
 Abil: Heal Wounds       |     1 |     5 |    13 |     1 ||    20
  Use: Scroll            |       |       |     8 |       ||     8
       Potion            |       |       |     2 |       ||     2
  Eat: Chunk             |       |     3 |    10 |     1 ||    14
Armor: Scale mail        |    52 |    57 |       |       ||   109
       Plate armour      |       |     7 |   283 |    41 ||   331
Dodge: Dodged            |    34 |    44 |    85 |    14 ||   177
Block: Kite shield       |    52 |    88 |   256 |    41 ||   437

Table legend:
 A = Non-vault XP
 B = Vault XP
 C = Vault XP percentage of total XP
 D = Non-vault monster count
 E = Vault monster count
 F = Vault count percentage of total count
                 A         B        C        D         E       F
            +---------+---------+-------+---------+---------+-------
      Total |    6248 |     422 |   6.3 |     147 |      14 |   8.7
            +---------+---------+-------+---------+---------+-------
        D:1 |       1 |       0 |   0.0 |       1 |       0 |   0.0
        D:2 |      22 |       0 |   0.0 |       5 |       0 |   0.0
        D:3 |      19 |       0 |   0.0 |      10 |       0 |   0.0
        D:4 |     172 |       4 |   2.3 |       9 |       3 |  25.0
        D:5 |     694 |       0 |   0.0 |      20 |       0 |   0.0
        D:6 |    1191 |       0 |   0.0 |      25 |       0 |   0.0
        D:7 |    1433 |     409 |  22.2 |      35 |       8 |  18.6
        D:8 |     452 |       0 |   0.0 |      20 |       0 |   0.0
        D:9 |    2264 |       9 |   0.4 |      22 |       3 |  12.0
            +---------+---------+-------+---------+---------+-------
